 Dungeon Crawl Stone Soup version 0.28-a0-586-gbdb9d174a4 (webtiles) character file.

Game seed: 594321834974221224

5670 nbcf the Geomancer (level 10, -7/59 HPs)
             Began as a Gargoyle Earth Elementalist on Oct 3, 2021.
             Was a Priest of Jiyva.
             Mangled by Joseph (17 damage)
             ... on level 8 of the Dungeon.
             The game lasted 00:21:48 (8100 turns).

nbcf the Geomancer (Gargoyle Earth Elementalist)    Turns: 8100, Time: 00:21:48

Health: -7/59      AC: 10    Str: 10    XL:     10   Next: 75%
Magic:  0/20       EV: 17    Int: 26    God:    Jiyva [***...]
Gold:   153        SH:  0    Dex: 11    Spells: 16/22 levels left

rFire   . . .      SeeInvis .   B - +5 whip (elec)
rCold   . . .      Faith    .   (no shield)
rNeg    + . .      Spirit   .   h - +0 steam dragon scales
rPois   ∞          Reflect  .   (no helmet)
rElec   +          Harm     .   (no cloak)
rCorr   +          Rampage  .   (no gloves)
Will    .....                   (no boots)
Stlth   ++........              w - amulet of the acrobat
HPRegen 0.19/turn               e - +4 ring of evasion
MPRegen 0.17/turn               x - +6 ring of intelligence

@: no status effects
A: sickness immunity, AC +7, negative energy resistance 1, electricity
resistance, torment resistance 1, petrification resistance, pseudopods 1
a: Renounce Religion, Request Jelly


You were on level 8 of the Dungeon.
You worshipped Jiyva.
Jiyva was most pleased with you.
You visited 2 branches of the dungeon, and saw 9 of its levels.
You also visited: Sewer.

You collected 268 gold pieces.
You spent 115 gold pieces at shops.

Inventory:

Hand Weapons
 v - a +0 flail
 B - a +5 whip of electrocution (weapon)
Missiles
 c - 140 stones
Armour
 b - a +1 robe
 h - +0 steam dragon scales (worn)
Jewellery
 e - a +4 ring of evasion (left hand)
 g - a ring of see invisible
 w - an amulet of the acrobat (around neck)
 x - a +6 ring of intelligence (right hand)
Scrolls
 a - a scroll of enchant armour
 d - a scroll of magic mapping
 s - 2 scrolls of fog
 z - 3 scrolls of fear
Potions
 f - 5 potions of heal wounds
 i - a potion of invisibility
 k - a potion of might
 l - 2 potions of lignification
 o - a potion of berserk rage {unknown}
 p - 2 potions of curing
 q - a potion of haste {unknown}
 r - a potion of attraction {unknown}
 D - a potion of mutation {unknown}
 F - a potion of cancellation {unknown}
 G - 2 potions of magic


   Skills:
 + Level 5.0 Fighting
 + Level 4.7 Maces & Flails
 + Level 5.0 Armour
 + Level 4.3 Dodging
 - Level 2.1 Stealth
 + Level 6.9 Spellcasting
 + Level 7.6 Conjurations
 - Level 0.7 Transmutations
 + Level 9.4 Earth Magic


You had 16 spell levels left.
You knew the following spells:

 Your Spells              Type           Power      Damage    Failure   Level
a - Sandblast             Erth           100%       2d20      1%          1
b - Stone Arrow           Conj/Erth      100%       3d13      1%          3
c - Passwall              Tmut/Erth      29%        N/A       1%          2

Your spell library contained the following spells:

 Spells                   Type           Power      Damage    Failure   Level
 Petrify                  Tmut/Erth      35%        N/A       8%          4
 Blink                    Tloc           N/A        N/A       10%         2
 Slow                     Hex            9%         N/A       10%         2
 Confusing Touch          Hex            9%         N/A       19%         3
 Lesser Beckoning         Tloc           9%         N/A       19%         3
 Vampiric Draining        Necr           4%         2d6       19%         3
 Manifold Assault         Tloc           9%         N/A       87%         5


Dungeon Overview and Level Annotations

Branches:
Dungeon (8/15)             Temple (1/1) D:6           Sewer (visited)
   Lair: D:8-11

Altars:
Ashenzari
Cheibriados
Dithmenos
Elyvilon
Fedhas
Gozag
Hepliaklqana
Kikubaaqudgha
Makhleb
Nemelex Xobeh
Okawaru
Ru
Sif Muna
Trog
Uskayaw
Vehumet
Wu Jian
Xom
Yredelemnul
Zin
The Shining One
Jiyva

Shops:
D:1 *

Annotations:
D:7 2 transporters, exclusion: oklob plant, WhatIsLove's ghost, novice DjCj
D:8 Joseph


Innate Abilities, Weirdness & Mutations

You are immune to sickness and miasma.
Your stone body is resilient. (AC +7)
You are immune to poison.
You resist negative energy. (rN+)
You are resistant to electric shocks. (rElec)
You are resistant to unholy torment.
You are immune to petrification.
Armour fits poorly on your pseudopods.


Message History

Confirm with . or Enter, or press ? or * to list all spells.
Aiming: Stone Arrow (safe; 1% risk of failure)
Press: ? - help, Shift-Dir - straight line, f/p - Joseph
Aim: Joseph, wielding a +2 spectral quarterstaff, wearing a +0 leather armour and quivering sling bullets (heavily wounded, 78% to hit)
The stone arrow hits Joseph!!
Joseph is almost dead.
Joseph shouts, "Intruder!"
Joseph misses you.
Casting: Stone Arrow (safe; 1% risk of failure)
Confirm with . or Enter, or press ? or * to list all spells.
Aiming: Stone Arrow (safe; 1% risk of failure)
Press: ? - help, Shift-Dir - straight line, f/p - Joseph
Aim: Joseph, wielding a +2 spectral quarterstaff, wearing a +0 leather armour and quivering sling bullets (almost dead, 78% to hit)
The stone arrow misses Joseph.
Joseph says, "Coming here was your last mistake."
Joseph hits you with a +2 spectral quarterstaff!
Casting: Stone Arrow (safe; 1% risk of failure)
Confirm with . or Enter, or press ? or * to list all spells.
You don't have enough magic to cast this spell.
Unknown command.
Unknown command.
Unknown command.
Unknown command.
Unknown command.
Unknown command.
Unknown command.
Casting: Stone Arrow (safe; 1% risk of failure)
Confirm with . or Enter, or press ? or * to list all spells.
You don't have enough magic to cast this spell.
Unknown command.
Unknown command.
You closely miss Joseph. Your bludgeon misses Joseph.
Joseph is almost dead.
You hear a slurping noise.
Joseph hits you with a +2 spectral quarterstaff!
* * * LOW HITPOINT WARNING * * *
You hit Joseph. You bludgeon Joseph.
Joseph is almost dead.
Joseph hits you with a +2 spectral quarterstaff!
You die...

...##...#... ..#..#.......
............
#..........###
#............## #...J
#....#..##
#.@[####.......#
#..@...........### ♣
#.......P........##
♣.#....._.P..##.....#
#.♣.♣.#.......P..##...###
...≈.......P.P...##....#
#.♣.♣.#..........##....###
♣.#..........##......# ♣
#.....#######......#
#.....#######.....##


You could see Joseph and a neutral jelly (wandering) (fellow slime).

Vanquished Creatures
  Gastronok (D:8)
  A hydra (D:7)
  Maggie (D:6)
  2 wyverns
  6 yaks (D:8)
  A water moccasin (D:7)
  Duvessa (D:6)
  A sky beast (D:5)
  3 orc warriors
  An ice beast (D:6)
  A hornet zombie (D:8)
  2 black bears
  2 necrophages
  5 ogres
  A phantom (D:7)
  2 centaurs
  2 bullfrogs (D:7)
  A scorpion (D:5)
  Dowan (D:6)
  A gnoll sergeant (D:7)
  A water moccasin skeleton (D:5)
  4 wights (D:6)
  A centaur zombie (D:8)
  2 hounds (D:5)
  3 centaur skeletons
  A bullfrog skeleton (D:5)
  2 gnoll shamans (D:7)
  3 orc priests
  A jelly (D:4)
  2 orc wizards
  2 howler monkey skeletons
  5 gnolls (D:7)
  7 adders
  A river rat (D:4)
  A white imp (D:5)
  2 adder skeletons (D:4)
  4 worms
  4 dart slugs
  19 orcs
  3 bats
  6 endoplasms
  2 giant cockroaches
  7 hobgoblins
  2 jackals (D:1)
  2 quokkas
  11 ball pythons
  4 frilled lizards
  11 goblins
  5 kobolds
  7 rats
161 creatures vanquished.

Vanquished Creatures (others)
  A steam dragon (D:8)
  A water moccasin (D:8)
  A sky beast (D:7)
  A centaur (D:8)
  A gnoll sergeant (D:8)
  A wight (D:6)
  2 hounds
  20 jellies
  2 orc priests
  3 orc wizards (D:8)
  A howler monkey zombie (D:8)
  A howler monkey skeleton (D:6)
  2 adders (D:6)
  5 orcs
  6 plants
48 creatures vanquished.

Grand Total: 209 creatures vanquished

Notes
Turn   | Place    | Note
-------+----------+-------------------------------------------
     0 | D:1      | nbcf the Gargoyle Earth Elementalist began the quest for
                  | the Orb.
     0 | D:1      | Reached XP level 1. HP: 10/10 MP: 3/3
   184 | D:1      | Reached skill level 4 in Earth Magic
   184 | D:1      | Reached XP level 2. HP: 8/15 MP: 3/5
   837 | D:1      | Found Dameit's Assorted Antiques.
   980 | D:1      | Reached XP level 3. HP: 17/19 MP: 4/6
   984 | D:1      | Learned a level 3 spell: Stone Arrow
  1280 | D:1      | Bought 2 pink potions for 27 gold pieces
  1280 | D:1      | Bought a gluggy blue potion for 13 gold pieces
  1418 | D:2      | Found a faded altar of an unknown god.
  1591 | D:2      | Learned a level 2 spell: Passwall
  1765 | D:3      | Reached skill level 1 in Conjurations
  1782 | D:2      | Reached XP level 4. HP: 7/24 MP: 0/8
  2057 | D:3      | Noticed an ogre
  2064 | D:3      | Killed an ogre
  2065 | D:3      | Reached skill level 5 in Earth Magic
  2065 | D:3      | Reached XP level 5. HP: 28/28 MP: 3/10
  2733 | D:3      | Reached XP level 6. HP: 32/32 MP: 9/11
  3057 | D:1      | Bought a scroll labelled MEQIRY JATTEE for 15 gold pieces
  3057 | D:1      | Bought a scroll labelled QOGORO MOSUU for 15 gold pieces
  3057 | D:1      | Bought a scroll labelled SAHOICRIHAJ for 15 gold pieces
  3057 | D:1      | Bought a scroll labelled NEHOEL HYAVEE for 15 gold pieces
  3213 | D:3      | Found a bloodstained altar of Trog.
  3222 | D:3      | Found an ancient bone altar of Kikubaaqudgha.
  3535 | D:4      | Found a glowing silver altar of Zin.
  3561 | D:4      | Noticed a necrophage
  3568 | D:4      | Killed a necrophage
  3580 | D:4      | Reached skill level 6 in Earth Magic
  3650 | D:4      | Found a snail-covered altar of Cheibriados.
  3774 | D:4      | Found a glowing drain.
  3789 | Sewer    | Entered a sewer
  3955 | D:4      | Found a shimmering altar of Xom.
  4057 | D:4      | Reached XP level 7. HP: 36/36 MP: 13/13
  4281 | D:1      | Bought a scroll labelled SAHOICRIHAJ for 15 gold pieces
  4326 | D:5      | Entered Level 5 of the Dungeon
  4851 | D:5      | Reached skill level 5 in Spellcasting
  4851 | D:5      | Reached skill level 7 in Earth Magic
  4854 | D:5      | Reached skill level 5 in Conjurations
  4854 | D:5      | Reached XP level 8. HP: 20/41 MP: 9/15
  5441 | D:6      | Found a staircase to the Ecumenical Temple.
  5455 | Temple   | Entered the Ecumenical Temple
  5615 | Temple   | Became a worshipper of Jiyva Joakhlie the Shapeless
  5904 | D:6      | Noticed Duvessa
  5905 | D:6      | Noticed Dowan
  5909 | D:6      | Killed Duvessa
  5911 | D:6      | Killed Dowan
  6019 | D:6      | Found a sacrificial altar of Ru.
  6019 | D:6      | Noticed Maggie
  6026 | D:6      | Killed Maggie
  6027 | D:6      | Reached skill level 1 in Fighting
  6027 | D:6      | Reached skill level 1 in Maces & Flails
  6027 | D:6      | Reached skill level 1 in Armour
  6105 | D:6      | Identified the +3 war axe of Jolac {flame, Int+2}
  6207 | D:6      | Reached skill level 8 in Earth Magic
  6286 | D:6      | Found an opulent altar of Gozag.
  6291 | D:6      | Found a hide-covered altar of Uskayaw.
  6291 | D:6      | Found a burning altar of Makhleb.
  6304 | D:6      | Found an iron altar of Okawaru.
  6307 | D:6      | Found a shimmering blue altar of Sif Muna.
  6325 | D:6      | Reached * piety under Jiyva
  6601 | D:7      | Found a transporter.
  6603 | D:7      | Noticed a hornet
  6604 | D:7      | Reached XP level 9. HP: 48/48 MP: 14/17
  6619 | D:7      | Noticed WhatIsLove's ghost (novice DjCj)
  6681 | D:7      | Noticed an oklob plant
  7018 | D:7      | Found a transporter.
  7082 | D:7      | Reached ** piety under Jiyva
  7166 | D:7      | Noticed an eight-headed hydra
  7230 | D:7      | Killed an eight-headed hydra
  7403 | D:7      | Reached XP level 10. HP: 49/56 MP: 19/19
  7619 | D:8      | Reached *** piety under Jiyva
  7685 | D:8      | Noticed Gastronok
  7702 | D:8      | Killed Gastronok
  7703 | D:8      | Reached skill level 9 in Earth Magic
  7725 | D:8      | Gained mutation: Armour fits poorly on your pseudopods.
                  | [Jiyva's grace]
  8004 | D:8      | Found an ornate altar of the Wu Jian Council.
  8012 | D:8      | Reached skill level 5 in Fighting
  8086 | D:8      | Noticed Joseph
  8094 | D:8      | Reached skill level 5 in Armour
  8100 | D:8      | Mangled by Joseph

Illustrated notes

Levels and vault maps discovered:
D:1:      dpeg_arrival_erosion, layout_basic, serial_shops,
          nicolae_shop_overgrown_old_shop, minivault_27
D:2:      layout_basic, hellmonk_ecumenical_altar_run_dry, dk_vineyard_3,
          due_unseen_surprise
D:3:      layout_rooms, mainiacjoe_overflow_swirl, serial_rivers,
          chequers_serial_rivers_room_b, chequers_serial_rivers_room_a,
          chequers_serial_rivers_room_a, chequers_serial_rivers_large_b,
          chequers_serial_rivers_micro_d
D:4:      layout_cave_pools, mainiacjoe_overflow_brackets,
          mainiacjoe_overflow_concentric_impassable, cheibrodos_worm_habitat,
          portal_sewer_entry_b, nrook_loot_triangle
D:5:      layout_basic
D:6:      layout_loops_ring, lemuel_tele_altar, minmay_overflow_temple_star_hex,
          minmay_temple_entry_statues_pillars, uniq_duvessa, uniq_maggie
D:7:      layout_rooms, nzn_ghost_randoct, grunt_tough_drop
D:8:      nzn_winding_woodlands_cross [nzn_winding_woodlands_5x15_crooked,
          nzn_winding_woodlands_5x15_pathside_ponds,
          nzn_winding_woodlands_5x15_zeroes, nzn_winding_woodlands_5x15_eye,
          nzn_winding_woodlands_15x15_boxy_spiral], layout_cave_pools,
          mainiacjoe_overflow_chevrons, uniq_gastronok, uniq_joseph
Temple:   pf_slime_end_temple

Skill      XL: |  1  2  3  4  5  6  7  8  9 10 |
---------------+-------------------------------+-----
Earth Magic    | 4 5 6 7 8 9 |  9.4
Conjurations   | 1 2 3 5 6 7 |  7.6
Spellcasting   | 3 4 5 6 |  6.9
Fighting       | 2 3 5 |  5.0
Maces & Flails | 1 3 4 |  4.7
Armour         | 2 3 5 |  5.0
Dodging        | 2 3 4 |  4.3
Stealth        | |  2.1
Transmutations | |  0.7

Action                   |  1- 3 |  4- 6 |  7- 9 | 10-12 || total
-------------------------+-------+-------+-------+-------++-------
Melee: Unarmed           |     6 |       |       |       ||     6
       Club              |     3 |       |       |       ||     3
       Dagger            |    88 |    70 |       |       ||   158
       Whip              |       |    51 |   117 |    40 ||   208
       Short sword       |       |     3 |       |       ||     3
       Pseudopods        |       |       |       |     1 ||     1
 Cast: Sandblast         |    31 |    31 |    47 |    12 ||   121
       Passwall          |     2 |       |       |       ||     2
       Stone Arrow       |       |     1 |    16 |    21 ||    38
  Use: Scroll            |       |       |    18 |       ||    18
       Potion            |       |       |       |     1 ||     1
 Stab: Sleeping          |     1 |     3 |     2 |       ||     6
Armor: Robe              |    42 |    40 |    22 |       ||   104
       Steam dragon scal |       |       |    23 |     5 ||    28
Dodge: Dodged            |    52 |   118 |   112 |    29 ||   311

Table legend: (Time is in decaauts)
 A = Elapsed time spent in this place.
 B = Non-inter-level travel time spent in this place.
 C = Inter-level travel time spent in this place.
 D = Time resting spent in this place.
 E = Time spent auto-exploring this place.
 F = Levels seen in this place.
 G = Mean time per level.
                   A        B        C        D        E       F      G
               +--------+--------+--------+--------+--------+-----+--------+
         Total |   8159 |   7874 |    285 |    488 |   5894 |  10 |  815.9 |
       Dungeon |   7883 |   7611 |    272 |    488 |   5714 |   8 |  985.4 |
        Temple |    173 |    160 |     13 |      0 |    127 |   1 |  173.0 |
         Sewer |    102 |    102 |      0 |      0 |     53 |   1 |  102.0 |
               +--------+--------+--------+--------+--------+-----+--------+

Top non-repeatable levels by time:
     D:3: 1504 daAuts
     D:1: 1418 daAuts
     D:5: 1101 daAuts
     D:6: 1002 daAuts
     D:7: 847 daAuts
     D:4: 703 daAuts
     D:2: 661 daAuts
     D:8: 644 daAuts
  Temple: 173 daAuts
   Sewer: 102 daAuts
